 Seeded DCSS version 0.29.1-15-g9cfb28693d (webtiles) character file.

Game seed: 12113030075061518348 (custom seed)

9 Gelion the Conjurer (level 2, -2/20 HPs)
             Began as a Demonspawn Conjurer on Mar 11, 2023.
             Slain by a kobold
             ... wielding a +0 club
              (3 damage)
             ... on level 1 of the Dungeon.
             The game lasted 00:00:42 (296 turns).

Gelion the Conjurer (Demonspawn Conjurer)            Turns: 296, Time: 00:00:42

Health: -2/20      AC:  4    Str:  7    XL:     2   Next: 6%
Magic:  0/5        EV: 12    Int: 19    God:
Gold:   7          SH:  0    Dex: 11    Spells: 4/5 levels left

rFire   . . .      SeeInvis .   d - +0 quarterstaff
rCold   . . .      Faith    .   (shield currently unavailable)
rNeg    . . .      Spirit   .   a - +0 robe
rPois   .          Reflect  .   (no helmet)
rElec   .          Harm     .   (no cloak)
rCorr   .          Rampage  .   (no gloves)
Will    .....                   (no boots)
Stlth   ++........              (no amulet)
HPRegen 0.06/turn               (no ring)
MPRegen 0.09/turn               (no ring)

@: no status effects
A: thin metallic scales 1
a: no special abilities


You were on level 1 of the Dungeon.
You visited 1 branch of the dungeon, and saw 1 of its levels.

You collected 7 gold pieces.

Inventory:

Hand Weapons
 d - a +0 quarterstaff (weapon)
Armour
 a - a +0 robe (worn)
Scrolls
 c - 2 scrolls of teleportation {unknown}
Potions
 b - a potion of magic


   Skills:
 + Level 0.6 Fighting
 - Level 1.7 Dodging
 - Level 1.7 Stealth
 + Level 2.1 Spellcasting
 * Level 4.2 Conjurations


You had 4 spell levels left.
You knew the following spells:

 Your Spells              Type           Power      Damage    Failure   Level
a - Magic Dart            Conj           72%        1d6       3%          1

Your spell library contained the following spells:

 Spells                   Type           Power      Damage    Failure   Level
 Searing Ray              Conj           36%        2d5       4%          2
 Dazzling Flash           Conj/Hex       20%        N/A       21%         3
 Fulminant Prism          Conj/Hex       5%         3d7       56%         4
 Iskenderun's Mystic Bla  Conj/Tloc      10%        2d4       56%         4


Dungeon Overview and Level Annotations

Branches:
Dungeon (1/15)

Altars:


Innate Abilities, Weirdness & Mutations

You are partially covered in thin metallic scales. (AC +2)


Message History

You don't have enough magic to cast this spell.
You barely miss the giant cockroach.
The giant cockroach completely misses you.
Casting: Magic Dart (safe; 3% risk of failure)
Confirm with . or Enter, or press ? or * to list all spells.
You don't have enough magic to cast this spell.
You barely miss the giant cockroach. The giant cockroach closely misses you.
The giant cockroach bites you but does no damage.
Casting: Magic Dart (safe; 3% risk of failure)
Confirm with . or Enter, or press ? or * to list all spells.
You don't have enough magic to cast this spell.
You sock the giant cockroach!
You kill the giant cockroach!
Casting: Magic Dart (safe; 3% risk of failure)
Confirm with . or Enter, or press ? or * to list all spells.
You don't have enough magic to cast this spell.
You barely miss the kobold. The kobold hits you but does no damage.
You barely miss the kobold. The kobold hits you with a +0 club.
* * * LOW HITPOINT WARNING * * *
The kobold misses you.
Casting: Magic Dart (safe; 3% risk of failure)
Confirm with . or Enter, or press ? or * to list all spells.
Aiming: Magic Dart (safe; 3% risk of failure)
Press: ? - help, Shift-Dir - straight line, f - kobold
Aim: a kobold, wielding a +0 club (100% to hit)
The magic dart hits the kobold but does no damage.
The kobold barely misses you.
You closely miss the kobold. The kobold hits you with a +0 club.
* * * LOW HITPOINT WARNING * * *
Casting: Magic Dart (safe; 3% risk of failure)
Confirm with . or Enter, or press ? or * to list all spells.
You don't have enough magic to cast this spell.
You hit the kobold but do no damage. The kobold hits you with a +0 club.
* * * LOW HITPOINT WARNING * * *
Casting: Magic Dart (safe; 3% risk of failure)
Confirm with . or Enter, or press ? or * to list all spells.
You don't have enough magic to cast this spell.
You closely miss the kobold. The kobold barely misses you.
The kobold hits you with a +0 club.
You die...

.....(....[...#.........#
.############...........#
......#########.........#
#####...................#
##########..........#
###..####### #.....###
#.###...##### #@#
###.....# #K# #####.###
#.# #.†.#### ###.#
###.#...
#...#########.......
.....g.............##....
....#..###############...
......# #### ...#.# #


You could see a kobold.

Vanquished Creatures
  A bat (D:1)
  An endoplasm (D:1)
  A giant cockroach (D:1)
  A goblin (D:1)
  A hobgoblin (D:1)
  A quokka (D:1)
  A frilled lizard (D:1)
  A kobold (D:1)
8 creatures vanquished.

Notes
Turn   | Place    | Note
-------+----------+-------------------------------------------
     0 | D:1      | Gelion the Demonspawn Conjurer began the quest for the Orb.
     0 | D:1      | Reached XP level 1. HP: 13/13 MP: 3/3
   288 | D:1      | Gained mutation: You are partially covered in thin metallic
                  | scales. (AC +2) [demonic ancestry]
   288 | D:1      | Reached XP level 2. HP: 8/20 MP: 0/5
   295 | D:1      | HP: 1/20 [kobold/+0 club (1)]
   296 | D:1      | Slain by a kobold

Illustrated notes

Levels and vault maps discovered:
D:1:      amcnicky_arrival_flooded_fountain, layout_rooms,
          shapermc_ecumenical_altar_venn

Action                   || total
-------------------------++-------
Melee: Quarterstaff      ||    15
 Cast: Magic Dart        ||    13
Armor: Robe              ||     5
Dodge: Dodged            ||    10
